Workbook

Sheet Pivots
B6: Spend Pivot Table
B7: Row Labels | C7: Sum of Net | D7: Sum of VAT | E7: Sum of Gross
B8: Audit | C8: 593.75 | D8: 118.75 | E8: 712.5 | F8: Audit | G8: 593.75
B9: CIL | C9: 3894.5 | D9: 778.9 | E9: 4673.4 | H9: CIL | I9: 3894.5
B10: Clerk's Salary + Office | C10: 12484.31 | D10: 0 | E10: 12484.31 | F10: Clerk's Salary + Office | G10: 12484.31
B11: Defib Fund | C11: 473.99 | D11: 47.8 | E11: 521.79 | H11: Defib Fund | I11: 521.79
B12: Donations (Sec137) | C12: 250 | D12: 0 | E12: 250 | F12: Donations (Sec137) | G12: 250
B13: Environment & Amenities | C13: 2677 | D13: 21.6 | E13: 2698.6 | F13: Environment & Amenities | G13: 2677
B14: Grants | C14: 18000 | D14: 0 | E14: 18000 | F14: Grants | G14: 18000
B15: Hall Bookings | C15: 196 | D15: 0 | E15: 196 | F15: Hall Bookings | G15: 196
B16: Insurance | C16: 772.83 | D16: 0 | E16: 772.83 | F16: Insurance | G16: 772.83
B17: IT costs | C17: 312.16 | D17: 41.43 | E17: 353.59 | F17: IT costs | G17: 312.16
B18: MTC | C18: 1120.06 | D18: 212.8 | E18: 1332.86 | H18: MTC | I18: 1120.06
B19: Payroll admin: Azets | C19: 260 | D19: 52 | E19: 312 | F19: Payroll admin: Azets | G19: 260
B20: Pension contribution | C20: 309.05 | D20: 0 | E20: 309.05 | F20: Pension contribution | G20: 309.05 | H20: VAT | I20: 730.27
B21: Precept received | E21: 0
B22: PWL | C22: 4112.56 | D22: 0 | E22: 4112.56 | F22: PWL | G22: 4112.56
B23: Rec Field Grant | C23: 3250 | D23: 0 | E23: 3250 | F23: Rec Field Grant | G23: 3250
B24: Receipt: VAT repaid | E24: 0
B25: Subscriptions | C25: 361.25 | D25: 0 | E25: 361.25 | F25: Subscriptions | G25: 361.25
B26: Training | C26: 215 | D26: 8 | E26: 223 | F26: Training | G26: 215
B27: Welcome Fund Initiative | C27: 94.4 | D27: 0 | E27: 94.4 | F27: Welcome Fund Initiative | G27: 94.4
B28: (blank)
B29: Admin | C29: 44.66 | D29: 8.73 | E29: 53.39 | F29: Admin | G29: 44.66
B30: Grand Total | C30: 49421.52 | D30: 1290.01 | E30: 50711.53
A32: Nb | B32: Precept | C32: 34200
B33: Shop loan (reserves) | C33: 16000
C34: =SUM(C32:C33) -> 50200

Sheet Labels
A2: Status
A3: Paid | B3: Payment released in bank
A4: Authorised | B4: Authorised for payment MPC but not yet paid from bank
A5: Approved | B5: Approved by MPC but not yet due
A6: Forecast | B6: Not approved but forecast
A9: Analysis
A10: Admin
A11: Audit
A12: CIL
A13: Clerk's Salary + Office
A14: Defibrillator
A15: Defib Fund
A16: Donations (Sec137)
A17: Environment & Amenities
A18: Grants
A19: Hall Bookings
A20: HMRC VAT Reclaim
... A36: Welcome Fund Initiative

Sheet Precept - forecast
A1: MILLAND PARISH COUNCIL
A2: Budget v Actual
A3: Year ended | B3: =+Cashbook!B3 -> 46117
A4: Year to date, for months | B4: =DATEDIF(D6, E6, "m")+1 -> 12
D5: Budget v Actual from/ to
D6: 45752 | E6: 46113
D7: Actual = paid/ approved/ authorised | H7: Forecast = paid/ approved/ authorised plus estimate to YE
A8: Cashbook category | B8: Precept description | C8: Precept | D8: Budget | E8: Actual | F8: Variance | G8: Variance | H8: Forecast | I8: Variance | J8: Variance
C9: £ | F9: £ | G9: % | I9: £ | J9: %
A10: Clerk's Salary + Office | B10: Clerk's salary (Inc. Office) and PAYE Contribution | C10: 9850 | D10: =+C10*(DATEDIF($D$6, $E$6, "m")+1)/12 -> 9850 | E10: =SUMIFS(Cashbook!$E$6:$E$225,Cashbook!$A$6:$A$225,">="&'Precept - forecast'!$D$6,Cashbook!$A$6:$A$225,"<="&'Precept - forecast'!$E$6,Cashbook!$J$6:$J$225,'Precept - forecast'!$A10) -> 12484.31 | F10: =D10-E10 -> -2634.31 | G10: =IF(E10=0,"",+F10/D10) -> -0.26744264 | H10: =IF(K10="Monthly",+E10+C10*($B$4-'Precept - budget YTD'!$B$4)/12,'Precept - forecast'!E10) -> 12484.31 | I10: =C10-H10 -> -2634.31 | J10: =IF(H10=0,"",+I10/C10) -> -0.26744264 | K10: Monthly
A11: Admin | B11: Admin expenses | C11: 150 | D11: =+C11*(DATEDIF($D$6, $E$6, "m")+1)/12 -> 150 | E11: =SUMIFS(Cashbook!$E$6:$E$225,Cashbook!$A$6:$A$225,">="&'Precept - forecast'!$D$6,Cashbook!$A$6:$A$225,"<="&'Precept - forecast'!$E$6,Cashbook!$J$6:$J$225,'Precept - forecast'!$A11) -> 44.66 | F11: =D11-E11 -> 105.34 | G11: =IF(E11=0,"",+F11/D11) -> 0.70226667 | H11: =IF(K11="Monthly",+E11+C11*($B$4-'Precept - budget YTD'!$B$4)/12,'Precept - forecast'!E11) -> 44.66 | I11: =C11-H11 -> 105.34 | J11: =IF(H11=0,"",+I11/C11) -> 0.70226667 | K11: Monthly
A12: Payroll admin: Azets | B12: Clerks payroll management Azets | C12: 500 | D12: =+C12*(DATEDIF($D$6, $E$6, "m")+1)/12 -> 500 | E12: =SUMIFS(Cashbook!$E$6:$E$225,Cashbook!$A$6:$A$225,">="&'Precept - forecast'!$D$6,Cashbook!$A$6:$A$225,"<="&'Precept - forecast'!$E$6,Cashbook!$J$6:$J$225,'Precept - forecast'!$A12) -> 260 | F12: =D12-E12 -> 240 | G12: =IF(E12=0,"",+F12/D12) -> 0.48 | H12: =IF(K12="Monthly",+E12+C12*($B$4-'Precept - budget YTD'!$B$4)/12,'Precept - forecast'!E12) -> 260 | I12: =C12-H12 -> 240 | J12: =IF(H12=0,"",+I12/C12) -> 0.48 | K12: Monthly
A13: Pension contribution | B13: Clerk's Pension contribution | C13: 300 | D13: =+C13*(DATEDIF($D$6, $E$6, "m")+1)/12 -> 300 | E13: =SUMIFS(Cashbook!$E$6:$E$225,Cashbook!$A$6:$A$225,">="&'Precept - forecast'!$D$6,Cashbook!$A$6:$A$225,"<="&'Precept - forecast'!$E$6,Cashbook!$J$6:$J$225,'Precept - forecast'!$A13) -> 309.05 | F13: =D13-E13 -> -9.05 | G13: =IF(E13=0,"",+F13/D13) -> -0.030166667 | H13: =IF(K13="Monthly",+E13+C13*($B$4-'Precept - budget YTD'!$B$4)/12,'Precept - forecast'!E13) -> 309.05 | I13: =C13-H13 -> -9.05 | J13: =IF(H13=0,"",+I13/C13) -> -0.030166667 | K13: Monthly
A14: Audit | B14: Audit (PC only not Rec Fld (Moore / Mulberry) | C14: 600 | D14: =+C14*(DATEDIF($D$6, $E$6, "m")+1)/12 -> 600 | E14: =SUMIFS(Cashbook!$E$6:$E$225,Cashbook!$A$6:$A$225,">="&'Precept - forecast'!$D$6,Cashbook!$A$6:$A$225,"<="&'Precept - forecast'!$E$6,Cashbook!$J$6:$J$225,'Precept - forecast'!$A14) -> 593.75 | F14: =D14-E14 -> 6.25 | G14: =IF(E14=0,"",+F14/D14) -> 0.010416667 | H14: =IF(K14="Monthly",+E14+C14*($B$4-'Precept - budget YTD'!$B$4)/12,'Precept - forecast'!E14) -> 593.75 | I14: =C14-H14 -> 6.25 | J14: =IF(H14=0,"",+I14/C14) -> 0.010416667
A15: IT costs | B15: Computer, website, Domain, screen | C15: 350 | D15: =+C15*(DATEDIF($D$6, $E$6, "m")+1)/12 -> 350 | E15: =SUMIFS(Cashbook!$E$6:$E$225,Cashbook!$A$6:$A$225,">="&'Precept - forecast'!$D$6,Cashbook!$A$6:$A$225,"<="&'Precept - forecast'!$E$6,Cashbook!$J$6:$J$225,'Precept - forecast'!$A15) -> 312.16 | F15: =D15-E15 -> 37.84 | G15: =IF(E15=0,"",+F15/D15) -> 0.10811429 | H15: =IF(K15="Monthly",+E15+C15*($B$4-'Precept - budget YTD'!$B$4)/12,'Precept - forecast'!E15) -> 312.16 | I15: =C15-H15 -> 37.84 | J15: =IF(H15=0,"",+I15/C15) -> 0.10811429 | K15: Monthly
A16: Hall Bookings | B16: Hall Bookings | C16: 250 | D16: =+C16*(DATEDIF($D$6, $E$6, "m")+1)/12 -> 250 | E16: =SUMIFS(Cashbook!$E$6:$E$225,Cashbook!$A$6:$A$225,">="&'Precept - forecast'!$D$6,Cashbook!$A$6:$A$225,"<="&'Precept - forecast'!$E$6,Cashbook!$J$6:$J$225,'Precept - forecast'!$A16) -> 196 | F16: =D16-E16 -> 54 | G16: =IF(E16=0,"",+F16/D16) -> 0.216 | H16: =IF(K16="Monthly",+E16+C16*($B$4-'Precept - budget YTD'!$B$4)/12,'Precept - forecast'!E16) -> 196 | I16: =C16-H16 -> 54 | J16: =IF(H16=0,"",+I16/C16) -> 0.216 | K16: Monthly
A17: Insurance | B17: Insurance | C17: 750 | D17: =+C17*(DATEDIF($D$6, $E$6, "m")+1)/12 -> 750 | E17: =SUMIFS(Cashbook!$E$6:$E$225,Cashbook!$A$6:$A$225,">="&'Precept - forecast'!$D$6,Cashbook!$A$6:$A$225,"<="&'Precept - forecast'!$E$6,Cashbook!$J$6:$J$225,'Precept - forecast'!$A17) -> 772.83 | F17: =D17-E17 -> -22.83 | G17: =IF(E17=0,"",+F17/D17) -> -0.03044 | H17: =IF(K17="Monthly",+E17+C17*($B$4-'Precept - budget YTD'!$B$4)/12,'Precept - forecast'!E17) -> 772.83 | I17: =C17-H17 -> -22.83 | J17: =IF(H17=0,"",+I17/C17) -> -0.03044
A18: Subscriptions | B18: Subscriptions | C18: 650 | D18: =+C18*(DATEDIF($D$6, $E$6, "m")+1)/12 -> 650 | E18: =SUMIFS(Cashbook!$E$6:$E$225,Cashbook!$A$6:$A$225,">="&'Precept - forecast'!$D$6,Cashbook!$A$6:$A$225,"<="&'Precept - forecast'!$E$6,Cashbook!$J$6:$J$225,'Precept - forecast'!$A18) -> 361.25 | F18: =D18-E18 -> 288.75 | G18: =IF(E18=0,"",+F18/D18) -> 0.44423077 | H18: =IF(K18="Monthly",+E18+C18*($B$4-'Precept - budget YTD'!$B$4)/12,'Precept - forecast'!E18) -> 361.25 | I18: =C18-H18 -> 288.75 | J18: =IF(H18=0,"",+I18/C18) -> 0.44423077
A19: Donations (Sec137) | B19: Donations (Sec137) | C19: 250 | D19: =+C19*(DATEDIF($D$6, $E$6, "m")+1)/12 -> 250 | E19: =SUMIFS(Cashbook!$E$6:$E$225,Cashbook!$A$6:$A$225,">="&'Precept - forecast'!$D$6,Cashbook!$A$6:$A$225,"<="&'Precept - forecast'!$E$6,Cashbook!$J$6:$J$225,'Precept - forecast'!$A19) -> 250 | F19: =D19-E19 -> 0 | G19: =IF(E19=0,"",+F19/D19) -> 0 | H19: =IF(K19="Monthly",+E19+C19*($B$4-'Precept - budget YTD'!$B$4)/12,'Precept - forecast'!E19) -> 250 | I19: =C19-H19 -> 0 | J19: =IF(H19=0,"",+I19/C19) -> 0 | K19: As spent
A20: Training | B20: Training for Councillors/Clerk | C20: 200 | D20: =+C20*(DATEDIF($D$6, $E$6, "m")+1)/12 -> 200 | E20: =SUMIFS(Cashbook!$E$6:$E$225,Cashbook!$A$6:$A$225,">="&'Precept - forecast'!$D$6,Cashbook!$A$6:$A$225,"<="&'Precept - forecast'!$E$6,Cashbook!$J$6:$J$225,'Precept - forecast'!$A20) -> 215 | F20: =D20-E20 -> -15 | G20: =IF(E20=0,"",+F20/D20) -> -0.075 | H20: =IF(K20="Monthly",+E20+C20*($B$4-'Precept - budget YTD'!$B$4)/12,'Precept - forecast'!E20) -> 215 | I20: =C20-H20 -> -15 | J20: =IF(H20=0,"",+I20/C20) -> -0.075 | K20: Monthly
A21: Rec Field Grant | B21: Rec Field Grant | C21: 5500 | D21: =+C21*(DATEDIF($D$6, $E$6, "m")+1)/12 -> 5500 | E21: =SUMIFS(Cashbook!$E$6:$E$225,Cashbook!$A$6:$A$225,">="&'Precept - forecast'!$D$6,Cashbook!$A$6:$A$225,"<="&'Precept - forecast'!$E$6,Cashbook!$J$6:$J$225,'Precept - forecast'!$A21) -> 3250 | F21: =D21-E21 -> 2250 | G21: =IF(E21=0,"",+F21/D21) -> 0.40909091 | H21: =IF(K21="Monthly",+E21+C21*($B$4-'Precept - budget YTD'!$B$4)/12,'Precept - forecast'!E21) -> 3250 | I21: =C21-H21 -> 2250 | J21: =IF(H21=0,"",+I21/C21) -> 0.40909091 | K21: Monthly
A22: Rec Field Repairs Grant | B22: Rec Field Repairs Grant | C22: 1000 | D22: =+C22*(DATEDIF($D$6, $E$6, "m")+1)/12 -> 1000 | E22: =SUMIFS(Cashbook!$E$6:$E$225,Cashbook!$A$6:$A$225,">="&'Precept - forecast'!$D$6,Cashbook!$A$6:$A$225,"<="&'Precept - forecast'!$E$6,Cashbook!$J$6:$J$225,'Precept - forecast'!$A22) -> 0 | F22: =D22-E22 -> 1000 | G22: =IF(E22=0,"",+F22/D22) | H22: =IF(K22="Monthly",+E22+C22*($B$4-'Precept - budget YTD'!$B$4)/12,'Precept - forecast'!E22) -> 0 | I22: =C22-H22 -> 1000 | J22: =IF(H22=0,"",+I22/C22)
A23: Tree surgery | B23: Tree surgery Rec Fld and Parish (land opp Durrants Pond) | C23: 2500 | D23: =+C23*(DATEDIF($D$6, $E$6, "m")+1)/12 -> 2500 | E23: =SUMIFS(Cashbook!$E$6:$E$225,Cashbook!$A$6:$A$225,">="&'Precept - forecast'!$D$6,Cashbook!$A$6:$A$225,"<="&'Precept - forecast'!$E$6,Cashbook!$J$6:$J$225,'Precept - forecast'!$A23) -> 0 | F23: =D23-E23 -> 2500 | G23: =IF(E23=0,"",+F23/D23) | H23: =IF(K23="Monthly",+E23+C23*($B$4-'Precept - budget YTD'!$B$4)/12,'Precept - forecast'!E23) -> 0 | I23: =C23-H23 -> 2500 | J23: =IF(H23=0,"",+I23/C23)
A24: Environment & Amenities | B24: Environment & Amenities (hedging/ditching/verges) | C24: 3500 | D24: =+C24*(DATEDIF($D$6, $E$6, "m")+1)/12 -> 3500 | E24: =SUMIFS(Cashbook!$E$6:$E$225,Cashbook!$A$6:$A$225,">="&'Precept - forecast'!$D$6,Cashbook!$A$6:$A$225,"<="&'Precept - forecast'!$E$6,Cashbook!$J$6:$J$225,'Precept - forecast'!$A24) -> 2677 | F24: =D24-E24 -> 823 | G24: =IF(E24=0,"",+F24/D24) -> 0.23514286 | H24: =IF(K24="Monthly",+E24+C24*($B$4-'Precept - budget YTD'!$B$4)/12,'Precept - forecast'!E24) -> 2677 | I24: =C24-H24 -> 823 | J24: =IF(H24=0,"",+I24/C24) -> 0.23514286
A25: Grants | B25: Grants | C25: 2000 | D25: =+C25*(DATEDIF($D$6, $E$6, "m")+1)/12 -> 2000 | E25: =SUMIFS(Cashbook!$E$6:$E$225,Cashbook!$A$6:$A$225,">="&'Precept - forecast'!$D$6,Cashbook!$A$6:$A$225,"<="&'Precept - forecast'!$E$6,Cashbook!$J$6:$J$225,'Precept - forecast'!$A25) -> 18000 | F25: =D25-E25 -> -16000 | G25: =IF(E25=0,"",+F25/D25) -> -8 | H25: =IF(K25="Monthly",+E25+C25*($B$4-'Precept - budget YTD'!$B$4)/12,'Precept - forecast'!E25) -> 18000 | I25: =C25-H25 -> -16000 | J25: =IF(H25=0,"",+I25/C25) -> -8 | K25: As spent
A26: Defibrillator | B26: Defibrillator | C26: 150 | D26: =+C26*(DATEDIF($D$6, $E$6, "m")+1)/12 -> 150 | E26: =SUMIFS(Cashbook!$E$6:$E$225,Cashbook!$A$6:$A$225,">="&'Precept - forecast'!$D$6,Cashbook!$A$6:$A$225,"<="&'Precept - forecast'!$E$6,Cashbook!$J$6:$J$225,'Precept - forecast'!$A26) -> 0 | F26: =D26-E26 -> 150 | G26: =IF(E26=0,"",+F26/D26) | H26: =IF(K26="Monthly",+E26+C26*($B$4-'Precept - budget YTD'!$B$4)/12,'Precept - forecast'!E26) -> 0 | I26: =C26-H26 -> 150 | J26: =IF(H26=0,"",+I26/C26) | K26: Reserves
A27: Welcome Fund Initiative | B27: Community Welcome Fund Initiative | C27: 400 | D27: =+C27*(DATEDIF($D$6, $E$6, "m")+1)/12 -> 400 | E27: =SUMIFS(Cashbook!$E$6:$E$225,Cashbook!$A$6:$A$225,">="&'Precept - forecast'!$D$6,Cashbook!$A$6:$A$225,"<="&'Precept - forecast'!$E$6,Cashbook!$J$6:$J$225,'Precept - forecast'!$A27) -> 94.4 | F27: =D27-E27 -> 305.6 | G27: =IF(E27=0,"",+F27/D27) -> 0.764 | H27: =IF(K27="Monthly",+E27+C27*($B$4-'Precept - budget YTD'!$B$4)/12,'Precept - forecast'!E27) -> 94.4 | I27: =C27-H27 -> 305.6 | J27: =IF(H27=0,"",+I27/C27) -> 0.764 | K27: Monthly
A28: PWL | B28: Community Shop PWL | C28: 4300 | D28: =+C28*(DATEDIF($D$6, $E$6, "m")+1)/12 -> 4300 | E28: =SUMIFS(Cashbook!$E$6:$E$225,Cashbook!$A$6:$A$225,">="&'Precept - forecast'!$D$6,Cashbook!$A$6:$A$225,"<="&'Precept - forecast'!$E$6,Cashbook!$J$6:$J$225,'Precept - forecast'!$A28) -> 4112.56 | F28: =D28-E28 -> 187.44 | G28: =IF(E28=0,"",+F28/D28) -> 0.043590698 | H28: =IF(K28="Monthly",+E28+C28*($B$4-'Precept - budget YTD'!$B$4)/12,'Precept - forecast'!E28) -> 4112.56 | I28: =C28-H28 -> 187.44 | J28: =IF(H28=0,"",+I28/C28) -> 0.043590698
A29: Reserve funds | B29: Reserve funds | C29: 500 | D29: =+C29*(DATEDIF($D$6, $E$6, "m")+1)/12 -> 500 | E29: =SUMIFS(Cashbook!$E$6:$E$225,Cashbook!$A$6:$A$225,">="&'Precept - forecast'!$D$6,Cashbook!$A$6:$A$225,"<="&'Precept - forecast'!$E$6,Cashbook!$J$6:$J$225,'Precept - forecast'!$A29) -> 0 | F29: =D29-E29 -> 500 | G29: =IF(E29=0,"",+F29/D29) | H29: =IF(K29="Monthly",+E29+C29*($B$4-'Precept - budget YTD'!$B$4)/12,'Precept - forecast'!E29) -> 0 | I29: =C29-H29 -> 500 | J29: =IF(H29=0,"",+I29/C29) | K29: Reserves
A30: Snow/ Winter Preparation | B30: Snow Ploughing/Winter Preparation | C30: 500 | D30: =+C30*(DATEDIF($D$6, $E$6, "m")+1)/12 -> 500 | E30: =SUMIFS(Cashbook!$E$6:$E$225,Cashbook!$A$6:$A$225,">="&'Precept - forecast'!$D$6,Cashbook!$A$6:$A$225,"<="&'Precept - forecast'!$E$6,Cashbook!$J$6:$J$225,'Precept - forecast'!$A30) -> 0 | F30: =D30-E30 -> 500 | G30: =IF(E30=0,"",+F30/D30) | H30: =IF(K30="Monthly",+E30+C30*($B$4-'Precept - budget YTD'!$B$4)/12,'Precept - forecast'!E30) -> 0 | I30: =C30-H30 -> 500 | J30: =IF(H30=0,"",+I30/C30) | K30: As spent
A31: Totals | C31: =SUM(C10:C30) -> 34200 | D31: =SUM(D10:D30) -> 34200 | E31: =SUM(E10:E30) -> 43932.97 | F31: =SUM(F10:F30) -> -9732.97
A34: Ring Fenced Funds/ Reserves | C34: b/f | D34: Allocation | E34: Paid | F34: Authorised | G34: Approved | H34: Available
A35: CIL | B35: CIL | C35: 9313.59 | E35: =SUMIFS(Cashbook!$E$6:$E$225,Cashbook!$A$6:$A$225,">="&'Precept - forecast'!$D$6,Cashbook!$A$6:$A$225,"<="&'Precept - forecast'!$E$6,Cashbook!$J$6:$J$225,'Precept - forecast'!$A35,Cashbook!$K6:$K225,E$34) -> 3894.5 | F35: =SUMIFS(Cashbook!$E$6:$E$225,Cashbook!$A$6:$A$225,">="&'Precept - forecast'!$D$6,Cashbook!$A$6:$A$225,"<="&'Precept - forecast'!$E$6,Cashbook!$J$6:$J$225,'Precept - forecast'!$A35,Cashbook!$K6:$K225,F$34) -> 0 | G35: =SUMIFS(Cashbook!$E$6:$E$225,Cashbook!$A$6:$A$225,">="&'Precept - forecast'!$D$6,Cashbook!$A$6:$A$225,"<="&'Precept - forecast'!$E$6,Cashbook!$J$6:$J$225,'Precept - forecast'!$A35,Cashbook!$K6:$K225,G$34) -> 0 | H35: =+C35+D35-E35-F35-G35 -> 5419.09
A36: Defib Fund | B36: Defib Fund | C36: 2388.98 | D36: =+C26 -> 150 | E36: =SUMIFS(Cashbook!$E$6:$E$225,Cashbook!$A$6:$A$225,">="&'Precept - forecast'!$D$6,Cashbook!$A$6:$A$225,"<="&'Precept - forecast'!$E$6,Cashbook!$J$6:$J$225,'Precept - forecast'!$A36,Cashbook!$K7:$K226,E$34) -> 473.99 | F36: =SUMIFS(Cashbook!$E$6:$E$225,Cashbook!$A$6:$A$225,">="&'Precept - forecast'!$D$6,Cashbook!$A$6:$A$225,"<="&'Precept - forecast'!$E$6,Cashbook!$J$6:$J$225,'Precept - forecast'!$A36,Cashbook!$K7:$K226,F$34) -> 0 | G36: =SUMIFS(Cashbook!$E$6:$E$225,Cashbook!$A$6:$A$225,">="&'Precept - forecast'!$D$6,Cashbook!$A$6:$A$225,"<="&'Precept - forecast'!$E$6,Cashbook!$J$6:$J$225,'Precept - forecast'!$A36,Cashbook!$K7:$K226,G$34) -> 0 | H36: =+C36+D36-E36-F36-G36 -> 2064.99
A37: MTC | B37: MTC Fund | C37: 6302.44 | D37: =Cashbook!H60+Cashbook!H76 -> 2510.92 | E37: =SUMIFS(Cashbook!$E$6:$E$225,Cashbook!$A$6:$A$225,">="&'Precept - forecast'!$D$6,Cashbook!$A$6:$A$225,"<="&'Precept - forecast'!$E$6,Cashbook!$J$6:$J$225,'Precept - forecast'!$A37,Cashbook!$K8:$K227,E$34) -> 1120.06 | F37: =SUMIFS(Cashbook!$E$6:$E$225,Cashbook!$A$6:$A$225,">="&'Precept - forecast'!$D$6,Cashbook!$A$6:$A$225,"<="&'Precept - forecast'!$E$6,Cashbook!$J$6:$J$225,'Precept - forecast'!$A37,Cashbook!$K8:$K227,F$34) -> 0 | G37: =SUMIFS(Cashbook!$E$6:$E$225,Cashbook!$A$6:$A$225,">="&'Precept - forecast'!$D$6,Cashbook!$A$6:$A$225,"<="&'Precept - forecast'!$E$6,Cashbook!$J$6:$J$225,'Precept - forecast'!$A37,Cashbook!$K8:$K227,G$34) -> 0 | H37: =+C37+D37-E37-F37-G37 -> 7693.3
A38: Jubilee | B38: Jubilee Fund | C38: 1045.23 | E38: =SUMIFS(Cashbook!$E$6:$E$225,Cashbook!$A$6:$A$225,">="&'Precept - forecast'!$D$6,Cashbook!$A$6:$A$225,"<="&'Precept - forecast'!$E$6,Cashbook!$J$6:$J$225,'Precept - forecast'!$A38,Cashbook!$K9:$K228,E$34) -> 0 | F38: =SUMIFS(Cashbook!$E$6:$E$225,Cashbook!$A$6:$A$225,">="&'Precept - forecast'!$D$6,Cashbook!$A$6:$A$225,"<="&'Precept - forecast'!$E$6,Cashbook!$J$6:$J$225,'Precept - forecast'!$A38,Cashbook!$K9:$K228,F$34) -> 0 | G38: =SUMIFS(Cashbook!$E$6:$E$225,Cashbook!$A$6:$A$225,">="&'Precept - forecast'!$D$6,Cashbook!$A$6:$A$225,"<="&'Precept - forecast'!$E$6,Cashbook!$J$6:$J$225,'Precept - forecast'!$A38,Cashbook!$K9:$K228,G$34) -> 0 | H38: =+C38+D38-E38-F38-G38 -> 1045.23
A39: VAT | B39: VAT Reclaim | C39: 730.27 | D39: =Cashbook!F106 -> 1290.01 | E39: =Cashbook!H25 -> 730.27 | H39: =+C39+D39-E39-F39-G39 -> 1290.01
A40: nb ringfenced £10k for tree works
A41: General reserves
A42: Total | C42: =SUM(C35:C41) -> 19780.51 | E42: =SUM(E31:E38)+D39 -> 50711.53 | F42: gross | G42: =E42-Cashbook!G106 -> 0
A43: Reconcile against Cashbook | E43: =E42-Cashbook!E106 -> 1290.01 | F43: vat
E44: =E42-E43 -> 49421.52 | F44: net
B46: agar box
B47: 23 | C47: =34200+3142 -> 37342
B48: 456 | C48: =10800+4300+19100 -> 34200
C49: =C47-C48 -> 3142
B50: 1 | C50: =36921-C49 -> 33779 | D50: bal fig box 1

Sheet Precept - budget YTD
A1: MILLAND PARISH COUNCIL
A2: Budget v Actual
A3: Year ended | B3: =+Cashbook!B3 -> 46117
A4: Year to date, for months | B4: =DATEDIF(D6, E6, "m")+1 -> 12
D5: Budget v Actual from/ to
D6: 45752 | E6: 46113
D7: Actual = paid to date
A8: Cashbook category | B8: Precept description | C8: Precept | D8: Budget | E8: Actual | F8: Variance | G8: Variance
C9: £ | F9: £ | G9: %
A10: Clerk's Salary + Office | B10: Clerk's salary (Inc. Office) and PAYE Contribution | C10: 9850 | D10: =+C10*(DATEDIF($D$6, $E$6, "m")+1)/12 -> 9850 | E10: =SUMIFS(Cashbook!$E$6:$E$225,Cashbook!$A$6:$A$225,">="&'Precept - budget YTD'!$D$6,Cashbook!$A$6:$A$225,"<="&'Precept - budget YTD'!$E$6,Cashbook!$J$6:$J$225,'Precept - budget YTD'!$A10) -> 12484.31 | F10: =D10-E10 -> -2634.31 | G10: =IF(E10=0,"",+F10/D10) -> -0.26744264 | H10: =+'Precept - forecast'!K10 -> Monthly
A11: Admin | B11: Admin expenses | C11: 150 | D11: =+C11*(DATEDIF($D$6, $E$6, "m")+1)/12 -> 150 | E11: =SUMIFS(Cashbook!$E$6:$E$225,Cashbook!$A$6:$A$225,">="&'Precept - budget YTD'!$D$6,Cashbook!$A$6:$A$225,"<="&'Precept - budget YTD'!$E$6,Cashbook!$J$6:$J$225,'Precept - budget YTD'!$A11) -> 44.66 | F11: =D11-E11 -> 105.34 | G11: =IF(E11=0,"",+F11/D11) -> 0.70226667 | H11: =+'Precept - forecast'!K11 -> Monthly
A12: Payroll admin: Azets | B12: Clerks payroll management Azets | C12: 500 | D12: =+C12*(DATEDIF($D$6, $E$6, "m")+1)/12 -> 500 | E12: =SUMIFS(Cashbook!$E$6:$E$225,Cashbook!$A$6:$A$225,">="&'Precept - budget YTD'!$D$6,Cashbook!$A$6:$A$225,"<="&'Precept - budget YTD'!$E$6,Cashbook!$J$6:$J$225,'Precept - budget YTD'!$A12) -> 260 | F12: =D12-E12 -> 240 | G12: =IF(E12=0,"",+F12/D12) -> 0.48 | H12: =+'Precept - forecast'!K12 -> Monthly
A13: Pension contribution | B13: Clerk's Pension contribution | C13: 300 | D13: =+C13*(DATEDIF($D$6, $E$6, "m")+1)/12 -> 300 | E13: =SUMIFS(Cashbook!$E$6:$E$225,Cashbook!$A$6:$A$225,">="&'Precept - budget YTD'!$D$6,Cashbook!$A$6:$A$225,"<="&'Precept - budget YTD'!$E$6,Cashbook!$J$6:$J$225,'Precept - budget YTD'!$A13) -> 309.05 | F13: =D13-E13 -> -9.05 | G13: =IF(E13=0,"",+F13/D13) -> -0.030166667 | H13: =+'Precept - forecast'!K13 -> Monthly
A14: Audit | B14: Audit (PC only not Rec Fld (Moore / Mulberry) | C14: 600 | D14: =+C14*(DATEDIF($D$6, $E$6, "m")+1)/12 -> 600 | E14: =SUMIFS(Cashbook!$E$6:$E$225,Cashbook!$A$6:$A$225,">="&'Precept - budget YTD'!$D$6,Cashbook!$A$6:$A$225,"<="&'Precept - budget YTD'!$E$6,Cashbook!$J$6:$J$225,'Precept - budget YTD'!$A14) -> 593.75 | F14: =D14-E14 -> 6.25 | G14: =IF(E14=0,"",+F14/D14) -> 0.010416667 | H14: =+'Precept - forecast'!K14 -> 0
A15: IT costs | B15: Computer, website, Domain, screen | C15: 350 | D15: =+C15*(DATEDIF($D$6, $E$6, "m")+1)/12 -> 350 | E15: =SUMIFS(Cashbook!$E$6:$E$225,Cashbook!$A$6:$A$225,">="&'Precept - budget YTD'!$D$6,Cashbook!$A$6:$A$225,"<="&'Precept - budget YTD'!$E$6,Cashbook!$J$6:$J$225,'Precept - budget YTD'!$A15) -> 312.16 | F15: =D15-E15 -> 37.84 | G15: =IF(E15=0,"",+F15/D15) -> 0.10811429 | H15: =+'Precept - forecast'!K15 -> Monthly
A16: Hall Bookings | B16: Hall Bookings | C16: 250 | D16: =+C16*(DATEDIF($D$6, $E$6, "m")+1)/12 -> 250 | E16: =SUMIFS(Cashbook!$E$6:$E$225,Cashbook!$A$6:$A$225,">="&'Precept - budget YTD'!$D$6,Cashbook!$A$6:$A$225,"<="&'Precept - budget YTD'!$E$6,Cashbook!$J$6:$J$225,'Precept - budget YTD'!$A16) -> 196 | F16: =D16-E16 -> 54 | G16: =IF(E16=0,"",+F16/D16) -> 0.216 | H16: =+'Precept - forecast'!K16 -> Monthly
A17: Insurance | B17: Insurance | C17: 750 | D17: =+C17*(DATEDIF($D$6, $E$6, "m")+1)/12 -> 750 | E17: =SUMIFS(Cashbook!$E$6:$E$225,Cashbook!$A$6:$A$225,">="&'Precept - budget YTD'!$D$6,Cashbook!$A$6:$A$225,"<="&'Precept - budget YTD'!$E$6,Cashbook!$J$6:$J$225,'Precept - budget YTD'!$A17) -> 772.83 | F17: =D17-E17 -> -22.83 | G17: =IF(E17=0,"",+F17/D17) -> -0.03044 | H17: =+'Precept - forecast'!K17 -> 0
A18: Subscriptions | B18: Subscriptions | C18: 650 | D18: =+C18*(DATEDIF($D$6, $E$6, "m")+1)/12 -> 650 | E18: =SUMIFS(Cashbook!$E$6:$E$225,Cashbook!$A$6:$A$225,">="&'Precept - budget YTD'!$D$6,Cashbook!$A$6:$A$225,"<="&'Precept - budget YTD'!$E$6,Cashbook!$J$6:$J$225,'Precept - budget YTD'!$A18) -> 361.25 | F18: =D18-E18 -> 288.75 | G18: =IF(E18=0,"",+F18/D18) -> 0.44423077 | H18: =+'Precept - forecast'!K18 -> 0
A19: Donations (Sec137) | B19: Donations (Sec137) | C19: 250 | D19: =+C19*(DATEDIF($D$6, $E$6, "m")+1)/12 -> 250 | E19: =SUMIFS(Cashbook!$E$6:$E$225,Cashbook!$A$6:$A$225,">="&'Precept - budget YTD'!$D$6,Cashbook!$A$6:$A$225,"<="&'Precept - budget YTD'!$E$6,Cashbook!$J$6:$J$225,'Precept - budget YTD'!$A19) -> 250 | F19: =D19-E19 -> 0 | G19: =IF(E19=0,"",+F19/D19) -> 0 | H19: =+'Precept - forecast'!K19 -> As spent
A20: Training | B20: Training for Councillors/Clerk | C20: 200 | D20: =+C20*(DATEDIF($D$6, $E$6, "m")+1)/12 -> 200 | E20: =SUMIFS(Cashbook!$E$6:$E$225,Cashbook!$A$6:$A$225,">="&'Precept - budget YTD'!$D$6,Cashbook!$A$6:$A$225,"<="&'Precept - budget YTD'!$E$6,Cashbook!$J$6:$J$225,'Precept - budget YTD'!$A20) -> 215 | F20: =D20-E20 -> -15 | G20: =IF(E20=0,"",+F20/D20) -> -0.075 | H20: =+'Precept - forecast'!K20 -> Monthly
A21: Rec Field Grant | B21: Rec Field Grant | C21: 5500 | D21: =+C21*(DATEDIF($D$6, $E$6, "m")+1)/12 -> 5500 | E21: =SUMIFS(Cashbook!$E$6:$E$225,Cashbook!$A$6:$A$225,">="&'Precept - budget YTD'!$D$6,Cashbook!$A$6:$A$225,"<="&'Precept - budget YTD'!$E$6,Cashbook!$J$6:$J$225,'Precept - budget YTD'!$A21) -> 3250 | F21: =D21-E21 -> 2250 | G21: =IF(E21=0,"",+F21/D21) -> 0.40909091 | H21: =+'Precept - forecast'!K21 -> Monthly
... A30: Snow/ Winter Preparation | B30: Snow Ploughing/Winter Preparation | C30: 500 | D30: =+C30*(DATEDIF($D$6, $E$6, "m")+1)/12 -> 500 | E30: =SUMIFS(Cashbook!$E$6:$E$225,Cashbook!$A$6:$A$225,">="&'Precept - budget YTD'!$D$6,Cashbook!$A$6:$A$225,"<="&'Precept - budget YTD'!$E$6,Cashbook!$J$6:$J$225,'Precept - budget YTD'!$A30) -> 0 | F30: =D30-E30 -> 500 | G30: =IF(E30=0,"",+F30/D30) | H30: =+'Precept - forecast'!K30 -> As spent
A31: Totals | C31: =SUM(C10:C30) -> 34200 | D31: =SUM(D10:D30) -> 34200 | E31: =SUM(E10:E30) -> 43932.97 | F31: =D31-E31 -> -9732.97 | G31: =IF(E31=0,"",+F31/D31) -> -0.28458977
A34: CIL | E34: =SUMIFS(Cashbook!$E$6:$E$225,Cashbook!$A$6:$A$225,">="&'Precept - budget YTD'!$D$6,Cashbook!$A$6:$A$225,"<="&'Precept - budget YTD'!$E$6,Cashbook!$J$6:$J$225,'Precept - budget YTD'!$A34) -> 3894.5
A35: Defib Fund | E35: =SUMIFS(Cashbook!$E$6:$E$225,Cashbook!$A$6:$A$225,">="&'Precept - budget YTD'!$D$6,Cashbook!$A$6:$A$225,"<="&'Precept - budget YTD'!$E$6,Cashbook!$J$6:$J$225,'Precept - budget YTD'!$A35) -> 473.99
A36: MTC | E36: =SUMIFS(Cashbook!$E$6:$E$225,Cashbook!$A$6:$A$225,">="&'Precept - budget YTD'!$D$6,Cashbook!$A$6:$A$225,"<="&'Precept - budget YTD'!$E$6,Cashbook!$J$6:$J$225,'Precept - budget YTD'!$A36) -> 1120.06
A37: Total: | E37: =SUM(E31:E36) -> 49421.52
E38: =E37-Cashbook!E106 -> 0

Sheet Cashbook
A1: MILLAND PARISH COUNCIL
A2: Cashbook
A3: Year ended | B3: 46117
A5: Date | B5: Payee | C5: Description | D5: Voucher | E5: Net | F5: VAT | G5: Gross | H5: Receipt | I5: Balance | J5: Analysis | K5: Status
A6: 45753 | C6: Balance b/f | I6: 50191.83 | K6: Paid | L6: =VLOOKUP(J6,'Precept - forecast'!$A$10:$A$30,1,0) -> #N/A
A7: 45754 | B7: Nest | C7: Pension Contribution | D7: DD | E7: 16.15 | F7: 0 | G7: =SUM(E7:F7) -> 16.15 | I7: =+I6-G7+H7 -> 50175.68 | J7: Pension contribution | K7: Paid
A8: 45762 | B8: CDC Payments | C8: Precept | G8: =SUM(E8:F8) -> 0 | H8: 17100 | I8: =+I7-G8+H8 -> 67275.68 | J8: Precept received | K8: Paid
A9: 45784 | B9: Nest | C9: Pension Contribution | D9: DD | E9: 16.15 | F9: 0 | G9: =SUM(E9:F9) -> 16.15 | I9: =+I8-G9+H9 -> 67259.53 | J9: Pension contribution | K9: Paid
A10: 45786 | B10: Public Works Loan | C10: Loan Repayment | D10: DD | E10: 1414.93 | F10: 0 | G10: =SUM(E10:F10) -> 1414.93 | I10: =+I9-G10+H10 -> 65844.6 | J10: PWL | K10: Paid
A11: 45792 | B11: V Williams 30.04.2025 | C11: Salary £ - P.1 Office | D11: OL256 | E11: 675.09 | F11: 0 | G11: =SUM(E11:F11) -> 675.09 | I11: =+I10-G11+H11 -> 65169.51 | J11: Clerk's Salary + Office | K11: Paid
A12: 45792 | B12: Clerk's Expenses | C12: P1 | D12: OL256 | E12: 58.33 | F12: 0 | G12: =SUM(E12:F12) -> 58.33 | I12: =+I11-G12+H12 -> 65111.18 | J12: Clerk's Salary + Office | K12: Paid
A13: 45792 | B13: HMRC | C13: PAYE - P1 | D13: OL257 | E13: 39.68 | F13: 0 | G13: =SUM(E13:F13) -> 39.68 | I13: =+I12-G13+H13 -> 65071.5 | J13: Clerk's Salary + Office | K13: Paid
A14: 45792 | B14: WSALC | C14: Subscription | D14: OL258 | E14: 314.25 | F14: 0 | G14: =SUM(E14:F14) -> 314.25 | I14: =+I13-G14+H14 -> 64757.25 | J14: Subscriptions | K14: Paid
A15: 45792 | B15: Mulberry & Co. | C15: Internal Audit | D15: OL259 | E15: 146.25 | F15: 29.25 | G15: =SUM(E15:F15) -> 175.5 | I15: =+I14-G15+H15 -> 64581.75 | J15: Audit | K15: Paid
A16: 45792 | B16: Azets | C16: Payroll Services Q3 & Q4 24-25 | D16: OL260 | E16: 130 | F16: 26 | G16: =SUM(E16:F16) -> 156 | I16: =+I15-G16+H16 -> 64425.75 | J16: Payroll admin: Azets | K16: Paid
A17: 45792 | B17: Coloured Courts | C17: Court Clean and treament | D17: OL261 | E17: 780 | F17: 156 | G17: =SUM(E17:F17) -> 936 | I17: =+I16-G17+H17 -> 63489.75 | J17: MTC | K17: Paid
A18: 45792 | B18: Rob Findlay | C18: Parish Maintenance | D18: OL262 | E18: 250 | F18: 0 | G18: =SUM(E18:F18) -> 250 | I18: =+I17-G18+H18 -> 63239.75 | J18: Environment & Amenities | K18: Paid
A19: 45792 | B19: Surefire Training | C19: Basic First Aid and AED Training Course | D19: OL263 | E19: 175 | F19: 0 | G19: =SUM(E19:F19) -> 175 | I19: =+I18-G19+H19 -> 63064.75 | J19: Training | K19: Paid
A20: 45813 | B20: Nest | C20: Pension Contribution | D20: DD | E20: 16.15 | F20: 0 | G20: =SUM(E20:F20) -> 16.15 | I20: =+I19-G20+H20 -> 63048.6 | J20: Pension contribution | K20: Paid
... A24: 45817 | B24: Playsafety Limited | C24: RoSPA | D24: OL266 | E24: 108 | F24: 21.6 | G24: =SUM(E24:F24) -> 129.6 | I24: =+I23-G24+H24 -> 62145.9 | J24: Environment & Amenities | K24: Paid
A25: 45818 | B25: HMRC | C25: VAT refund | G25: =SUM(E25:F25) -> 0 | H25: 730.27 | I25: =+I24-G25+H25 -> 62876.17 | J25: Receipt: VAT repaid | K25: Paid
A26: 45826 | B26: Clear Councils (BHIB) | C26: Insurance Renewal | D26: OL267 | E26: 772.83 | F26: 0 | G26: =SUM(E26:F26) -> 772.83 | I26: =+I25-G26+H26 -> 62103.34 | J26: Insurance | K26: Paid
A27: 45838 | B27: Public Works Loan | C27: Loan Repayment | D27: DD | E27: 654.95 | F27: 0 | G27: =SUM(E27:F27) -> 654.95 | I27: =+I26-G27+H27 -> 61448.39 | J27: PWL | K27: Paid
A28: 45845 | B28: Nest | C28: Pension Contribution | D28: DD | E28: 16.15 | F28: 0 | G28: =SUM(E28:F28) -> 16.15 | I28: =+I27-G28+H28 -> 61432.24 | J28: Pension contribution | K28: Paid
A29: 45848 | B29: V Williams P3 | C29: Salary £ - P.3 | D29: OL268 | E29: 675.09 | F29: 0 | G29: =SUM(E29:F29) -> 675.09 | I29: =+I28-G29+H29 -> 60757.15 | J29: Clerk's Salary + Office | K29: Paid
A30: 45848 | B30: V Williams | C30: Clerk's Expenses P3 | D30: OL268 | E30: 58.33 | F30: 0 | G30: =SUM(E30:F30) -> 58.33 | I30: =+I29-G30+H30 -> 60698.82 | J30: Clerk's Salary + Office | K30: Paid
A31: 45848 | B31: HMRC | C31: PAYE 2603 | D31: OL269 | E31: 39.68 | F31: 0 | G31: =SUM(E31:F31) -> 39.68 | I31: =+I30-G31+H31 -> 60659.14 | J31: Clerk's Salary + Office | K31: Paid
A32: 45848 | B32: Rob Findlay | C32: Parish Maintenance | D32: OL270 | E32: 157 | F32: 0 | G32: =SUM(E32:F32) -> 157 | I32: =+I31-G32+H32 -> 60502.14 | J32: Environment & Amenities | K32: Paid
A33: 45848 | B33: REIM V Williams | C33: Claranet - Domain Name | D33: OL271 | E33: 12.16 | F33: 2.43 | G33: =SUM(E33:F33) -> 14.59 | I33: =+I32-G33+H33 -> 60487.55 | J33: IT costs | K33: Paid
A34: 45848 | B34: Recreation Field | C34: Maintenance Grant 1 / 2 | D34: OL272 | E34: 2750 | F34: 0 | G34: =SUM(E34:F34) -> 2750 | I34: =+I33-G34+H34 -> 57737.55 | J34: Rec Field Grant | K34: Paid
A35: 45848 | B35: Recreation Field | C35: Administration Grant 1 / 2 | D35: OL273 | E35: 500 | F35: 0 | G35: =SUM(E35:F35) -> 500 | I35: =+I34-G35+H35 -> 57237.55 | J35: Rec Field Grant | K35: Paid
A36: 45848 | B36: Cartersland Wildflower Group | C36: Grant | D36: OL274 | E36: 200 | F36: 0 | G36: =SUM(E36:F36) -> 200 | I36: =+I35-G36+H36 -> 57037.55 | J36: Grants | K36: Paid
A37: 45848 | B37: (M/I/L) Churches | C37: Grant | D37: OL275 | E37: 1000 | F37: 0 | G37: =SUM(E37:F37) -> 1000 | I37: =+I36-G37+H37 -> 56037.55 | J37: Grants | K37: Paid
... A43: 45869 | B43: HMRC | C43: PAYE 2604 | D43: OL282 | E43: 39.68 | F43: 0 | G43: =SUM(E43:F43) -> 39.68 | I43: =+I42-G43+H43 -> 54837.45 | J43: Clerk's Salary + Office | K43: Paid
A44: 45875 | B44: Nest | C44: Pension Contribution | E44: 16.15 | F44: 0 | G44: =SUM(E44:F44) -> 16.15 | I44: =+I43-G44+H44 -> 54821.3 | J44: Clerk's Salary + Office | K44: Paid
A45: 45905 | B45: Nest | C45: Pension Contribution | E45: 27.07 | F45: 0 | G45: =SUM(E45:F45) -> 27.07 | I45: =+I44-G45+H45 -> 54794.23 | J45: Clerk's Salary + Office | K45: Paid
A46: 45912 | B46: CDC Payments | C46: Precept | G46: =SUM(E46:F46) -> 0 | H46: 17100 | I46: =+I45-G46+H46 -> 71894.23 | J46: Precept received | K46: Paid
A47: 45915 | B47: V Williams | C47: Salary £ - P.5 | E47: 779.91 | F47: 0 | G47: =SUM(E47:F47) -> 779.91 | I47: =+I46-G47+H47 -> 71114.32 | J47: Clerk's Salary + Office | K47: Paid
A48: 45915 | B48: V Williams | C48: Clerk's Expenses | E48: 58.33 | F48: 0 | G48: =SUM(E48:F48) -> 58.33 | I48: =+I47-G48+H48 -> 71055.99 | J48: Clerk's Salary + Office | K48: Paid
A49: 45915 | B49: HMRC | C49: PAYE 2605 | E49: 56.06 | F49: 0 | G49: =SUM(E49:F49) -> 56.06 | I49: =+I48-G49+H49 -> 70999.93 | J49: Clerk's Salary + Office | K49: Paid
A50: 45915 | B50: R Findlay | C50: Parish Maintenance | E50: 37 | F50: 0 | G50: =SUM(E50:F50) -> 37 | I50: =+I49-G50+H50 -> 70962.93 | J50: Environment & Amenities | K50: Paid
A51: 45915 | B51: REIMB V Williams | C51: MTC Net - Sports Equip | E51: 142 | F51: 28.4 | G51: =SUM(E51:F51) -> 170.4 | I51: =+I50-G51+H51 -> 70792.53 | J51: MTC | K51: Paid
A52: 45915 | B52: REIMB V Williams | C52: MTC Net - Sports Equip | E52: 142 | F52: 28.4 | G52: =SUM(E52:F52) -> 170.4 | I52: =+I51-G52+H52 -> 70622.13 | J52: MTC | K52: Paid
A53: 45915 | B53: Reimb V Williams | C53: MTC Net Straps Edwards Sports | E53: 56.06 | F53: 0 | G53: =SUM(E53:F53) -> 56.06 | I53: =+I52-G53+H53 -> 70566.07 | J53: MTC | K53: Paid
A54: 45930 | B54: V Williams | C54: Salary £ - P.5 | E54: 696.05 | F54: 0 | G54: =SUM(E54:F54) -> 696.05 | I54: =+I53-G54+H54 -> 69870.02 | J54: Clerk's Salary + Office | K54: Paid
A55: 45930 | B55: Clerk's Expenses | C55: Clerk's Expenses | E55: 58.33 | F55: 0 | G55: =SUM(E55:F55) -> 58.33 | I55: =+I54-G55+H55 -> 69811.69 | J55: Clerk's Salary + Office | K55: Paid
A56: 45930 | B56: HMRC | C56: PAYE 2605 | E56: 42.96 | F56: 0 | G56: =SUM(E56:F56) -> 42.96 | I56: =+I55-G56+H56 -> 69768.73 | J56: Clerk's Salary + Office | K56: Paid
A57: 45933 | B57: ICO | C57: Annual Subscription | E57: 47 | F57: 0 | G57: =SUM(E57:F57) -> 47 | I57: =+I56-G57+H57 -> 69721.73 | J57: Subscriptions | K57: Paid
A58: 45937 | B58: NEST | C58: Pension Contribution | E58: 18.34 | F58: 0 | G58: =SUM(E58:F58) -> 18.34 | I58: =+I57-G58+H58 -> 69703.39 | J58: Clerk's Salary + Office
A59: 45966 | B59: NEST | C59: Pension Contribution | E59: 18.34 | F59: 0 | G59: =SUM(E59:F59) -> 18.34 | I59: =+I58-G59+H59 -> 69685.05 | J59: Clerk's Salary + Office
A60: 45971 | B60: MTC | C60: Income | E60: 0 | F60: 0 | G60: =SUM(E60:F60) -> 0 | H60: 2500 | I60: =+I59-G60+H60 -> 72185.05 | J60: MTC
A61: 45971 | B61: Public Works Loan | C61: Loan Repayment | E61: 1387.73 | F61: 0 | G61: =SUM(E61:F61) -> 1387.73 | I61: =+I60-G61+H61 -> 70797.32 | J61: PWL
A62: 45975 | B62: HMRC | C62: PAYE 2607 | E62: 42.96 | F62: 0 | G62: =SUM(E62:F62) -> 42.96 | I62: =+I61-G62+H62 -> 70754.36 | J62: Clerk's Salary + Office | K62: Paid
A63: 45975 | B63: Rob Findlay | C63: Parish Maintenance | E63: 537 | F63: 0 | G63: =SUM(E63:F63) -> 537 | I63: =+I62-G63+H63 -> 70217.36 | J63: Environment & Amenities | K63: Paid
A64: 45975 | B64: Reimb V Williams | C64: Hall Hire Finance Meeting | E64: 25 | F64: 0 | G64: =SUM(E64:F64) -> 25 | I64: =+I63-G64+H64 -> 70192.36 | J64: Hall Bookings | K64: Paid
A65: 45975 | B65: Reimb V Williams | C65: Azets Payroll | E65: 65 | F65: 13 | G65: =SUM(E65:F65) -> 78 | I65: =+I64-G65+H65 -> 70114.36 | J65: Payroll admin: Azets | K65: Paid
A66: 45975 | B66: Reimb L Myles | C66: Indeed Job Advert | E66: 75.21 | F66: 0 | G66: =SUM(E66:F66) -> 75.21 | I66: =+I65-G66+H66 -> 70039.15 | J66: Clerk's Salary + Office | K66: Paid
A67: 45975 | B67: Reimb L Myles | C67: Meet Up Coffees | E67: 46.3 | F67: 0 | G67: =SUM(E67:F67) -> 46.3 | I67: =+I66-G67+H67 -> 69992.85 | J67: Welcome Fund Initiative | K67: Paid
A68: 45975 | B68: Reimb C Collins | C68: Wel Medical Defibrillator Battery | E68: 238.99 | F68: 47.8 | G68: =SUM(E68:F68) -> 286.79 | I68: =+I67-G68+H68 -> 69706.06 | J68: Defib Fund | K68: Paid
A69: 45975 | B69: Reimb C Collins | C69: Phoebox Refurb | E69: 235 | F69: 0 | G69: =SUM(E69:F69) -> 235 | I69: =+I68-G69+H69 -> 69471.06 | J69: Defib Fund | K69: Paid
A70: 45975 | B70: Air Ambulance | C70: Donation | E70: 250 | F70: 0 | G70: =SUM(E70:F70) -> 250 | I70: =+I69-G70+H70 -> 69221.06 | J70: Donations (Sec137) | K70: Paid
A71: 45975 | B71: Linch PCC | C71: Bettesworth Room Hire 02 October 2025 | E71: 32 | F71: 0 | G71: =SUM(E71:F71) -> 32 | I71: =+I70-G71+H71 -> 69189.06 | J71: Hall Bookings | K71: Paid
A72: 45975 | B72: Mulberry & Co. | C72: Internal Audit | E72: 211.25 | F72: 42.25 | G72: =SUM(E72:F72) -> 253.5 | I72: =+I71-G72+H72 -> 68935.56 | J72: Audit | K72: Paid
A73: 45978 | B73: V Williams P7 | C73: Salary Oct | E73: 754.38 | F73: 0 | G73: =SUM(E73:F73) -> 754.38 | I73: =+I72-G73+H73 -> 68181.18 | J73: Clerk's Salary + Office | K73: Paid
... A75: 45979 | B75: L Myles | C75: Meet Up Coffees | E75: 48.1 | F75: 0 | G75: =SUM(E75:F75) -> 48.1 | I75: =+I74-G75+H75 -> 68090.12 | J75: Welcome Fund Initiative | K75: Paid
A76: 45992 | B76: MTC | C76: refund overpayment | E76: 0 | F76: 0 | G76: =SUM(E76:F76) -> 0 | H76: 10.92 | I76: =+I75-G76+H76 -> 68101.04 | J76: MTC
A77: 45992 | B77: Moore | C77: INV 333037 | E77: 236.25 | F77: 47.25 | G77: =SUM(E77:F77) -> 283.5 | I77: =+I76-G77+H77 -> 67817.54 | J77: Audit | K77: Paid
A78: 45992 | B78: V Williams P8 | C78: SALARY NOV | E78: 754.38 | F78: 0 | G78: =SUM(E78:F78) -> 754.38 | I78: =+I77-G78+H78 -> 67063.16 | J78: Clerk's Salary + Office | K78: Paid
A79: 45996 | B79: Nest | C79: Pension Contribution | E79: 18.34 | F79: 0 | G79: =SUM(E79:F79) -> 18.34 | I79: =+I78-G79+H79 -> 67044.82 | J79: Pension contribution | K79: Paid
A80: 45999 | B80: Glasdon | C80: INV. SI924311 BBP | E80: =1799.4/6*5 -> 1499.5 | F80: =+E80*0.2 -> 299.9 | G80: =SUM(E80:F80) -> 1799.4 | I80: =+I79-G80+H80 -> 65245.42 | J80: CIL | K80: Paid
A81: 46013 | B81: D Somma | C81: CLOUD BBP | E81: 85 | F81: 0 | G81: =SUM(E81:F81) -> 85 | I81: =+I80-G81+H81 -> 65160.42 | J81: IT costs | K81: Paid
A82: 46020 | B82: Public Works Loan | C82: MILLAND DDR | E82: 654.95 | F82: 0 | G82: =SUM(E82:F82) -> 654.95 | I82: =+I81-G82+H82 -> 64505.47 | J82: PWL | K82: Paid
A83: 46029 | B83: Nest | C83: Pension Contribution | E83: 140.77 | F83: 0 | G83: =SUM(E83:F83) -> 140.77 | I83: =+I82-G83+H83 -> 64364.7 | J83: Pension contribution | K83: Paid
A84: 46041 | B84: V Williams P9 | C84: Clerk Salary Dec | E84: 754.38 | F84: 0 | G84: =SUM(E84:F84) -> 754.38 | I84: =+I83-G84+H84 -> 63610.32 | J84: Clerk's Salary + Office | K84: Paid
A85: 46041 | B85: HMRC | C85: Employer Tax / NI | E85: 418.42 | F85: 0 | G85: =SUM(E85:F85) -> 418.42 | I85: =+I84-G85+H85 -> 63191.9 | J85: Clerk's Salary + Office | K85: Paid
A86: 46041 | B86: D Somma | C86: IT Support | E86: 20 | F86: 0 | G86: =SUM(E86:F86) -> 20 | I86: =+I85-G86+H86 -> 63171.9 | J86: IT costs | K86: Paid
A87: 46041 | B87: Vision ICT | C87: Inv 21183 | E87: 20 | F87: 4 | G87: =SUM(E87:F87) -> 24 | I87: =+I86-G87+H87 -> 63147.9 | J87: IT costs | K87: Paid
A88: 46048 | B88: Rob Findlay | C88: Nov / Dec | E88: 720 | F88: 0 | G88: =SUM(E88:F88) -> 720 | I88: =+I87-G88+H88 -> 62427.9 | J88: Environment & Amenities | K88: Paid
A89: 46048 | B89: R Denby P7-9 | C89: Clerk Salary Oct - Dec 26 | E89: 2101.3 | F89: 0 | G89: =SUM(E89:F89) -> 2101.3 | I89: =+I88-G89+H89 -> 60326.6 | J89: Clerk's Salary + Office | K89: Paid
A90: 46048 | B90: Hollycombe School | C90: Library Grant | E90: 500 | F90: 0 | G90: =SUM(E90:F90) -> 500 | I90: =+I89-G90+H90 -> 59826.6 | J90: Grants | K90: Paid
A91: 46058 | B91: Nest | C91: Pension Contribution | E91: 42.67 | F91: 0 | G91: =SUM(E91:F91) -> 42.67 | I91: =+I90-G91+H91 -> 59783.93 | J91: Pension contribution | K91: Paid
A92: 46068 | B92: Boher Architecture | C92: Inv 1192 Padel Court | E92: 44.66 | F92: 8.73 | G92: =SUM(E92:F92) -> 53.39 | I92: =+I91-G92+H92 -> 59730.54 | J92: Admin | K92: Not paid
... A99: 46086 | B99: Stocksigns | C99: INV SW70129/8 | E99: 2395 | F99: 479 | G99: =SUM(E99:F99) -> 2874 | I99: =+I98-G99+H99 -> 53848.74 | J99: CIL | K99: Paid
A100: 46086 | B100: Nest | C100: Pension Contribution | E100: 42.67 | F100: 0 | G100: =SUM(E100:F100) -> 42.67 | I100: =+I99-G100+H100 -> 53806.07 | J100: Pension contribution | K100: Paid | L100: 53859.46 | M100: bank s/ment | N100: diff | O100: =L100-I100 -> 53.39
A101: 46098 | B101: NEST | C101: Credit | E101: -18.34 | G101: =SUM(E101:F101) -> -18.34 | I101: =+I100-G101+H101 -> 53824.41 | J101: Clerk's Salary + Office | K101: Paid
A102: 46099 | B102: HMRC | C102: Employer Tax / NI | E102: 93.58 | F102: 0 | G102: =SUM(E102:F102) -> 93.58 | I102: =+I101-G102+H102 -> 53730.83 | J102: Clerk's Salary + Office | K102: Paid
A103: 46101 | B103: NEST | C103: Credit | E103: -18.29 | G103: =SUM(E103:F103) -> -18.29 | I103: =+I102-G103+H103 -> 53749.12 | J103: Clerk's Salary + Office | K103: Paid
A104: 46106 | B104: The Milland Community Store | C104: Grant | E104: 16000 | F104: 0 | G104: =SUM(E104:F104) -> 16000 | I104: =+I103-G104+H104 -> 37749.12 | J104: Grants | K104: Paid
A105: 46113 | B105: R Denby | C105: Clerk Salary Mar | E105: 827.63 | F105: 0 | G105: =SUM(E105:F105) -> 827.63 | I105: =+I104-G105+H105 -> 36921.49 | J105: Clerk's Salary + Office | K105: Paid April | L105: 36974.88 | M105: bank s/ment | N105: =L105-I105-G92 -> -7.8586027e-12 | O105: diff
E106: =SUM(E7:E105) -> 49421.52 | F106: =SUM(F7:F105) -> 1290.01 | G106: =SUM(G7:G105) -> 50711.53 | H106: =SUM(H7:H105) -> 37441.19 | J106: Total
H107: =G106-H106 -> 13270.34 | I107: net spend
H108: =H106-34299 -> 3142.19 | M108: Year Rec
M109: out | N109: in
G110: =G106-H25 -> 49981.26 | M110: =SUM(G6:G105) -> 50711.53 | N110: =SUM(H7:H105) -> 37441.19
M111: =M110-N110 -> 13270.34 | N111: cashbook position march
M112: =-'MPC Bank Transactions all'!B96 -> 12389.32 | N112: transactions fy to march bank
M113: =M111-M112 -> 881.02 | N113: diff
M114: =-G105 -> -827.63 | N114: march salary paid in april
M115: =-G92 -> -53.39
M116: =SUM(M113:M115) -> -3.1974423e-12 | N116: diff

Sheet Bank Recs MPC
B3: Bank Rec 25/26
B6: Bank reconciliation as at | C6: 45869 | F6: Agrees to bank statement
B8: Balance per cashbook | D8: =+Cashbook!$I$6-SUMIF(Cashbook!A:A,"<="&+C6,Cashbook!G:G)+SUMIF(Cashbook!A:A,"<="&+C6,Cashbook!H:H) -> 54837.45
B9: Items in cashbook not on bank:
B10: none
D12: =SUM(C9:C11) -> 0
B13: Balance on bank | D13: 54837.45 | F13: Agrees to bank statement
D14: =+D13-D8 -> 0 | E14: =IF(D13=(D8+D12),"Agreed","Differences to be found") -> Agreed
B16: Bank reconciliation as at | C16: 45930
B18: Balance per cashbook | D18: =+Cashbook!$I$6-SUMIF(Cashbook!A:A,"<="&+C16,Cashbook!G:G)+SUMIF(Cashbook!A:A,"<="&+C16,Cashbook!H:H) -> 69768.73
B19: Items in cashbook not on bank:
B20: none
D22: =SUM(C19:C21) -> 0
B23: Balance on bank | D23: 69768.73 | F23: Agrees to bank statement
D24: =+D23-D18 -> 0 | E24: =IF(D23=(D18+D22),"Agreed","Differences to be found") -> Agreed
B26: Bank reconciliation as at | C26: 46112
B28: Balance per cashbook | D28: =Cashbook!I104 -> 37749.12
B29: Items in cashbook not on bank:
B31: Boher Architecture not paid | C31: 53.39
D32: =SUM(C29:C31) -> 53.39
B33: Balance on bank | D33: =36974.88+827.63 -> 37802.51 | F33: Agrees to bank statement | H33: April statement not yet available at time of reconciliation
D34: =+D33-D28 -> 53.39 | E34: =IF(D33=(D28+D32),"Agreed","Differences to be found") -> Agreed

Sheet MPC Bank Transactions all
A1: Date | B1: Amount | C1: Subcategory | D1: Memo
A2: 46113 | B2: -827.63 | C2: Bill Payment | D2: IA & RM DENBY CLERK SALARY MARCH BB
A3: 46106 | B3: -16000 | C3: Bill Payment | D3: THE MILLAND COMMUN GRANT MAR 26 BBP
A4: 46101 | B4: 18.29 | C4: Counter Credit | D4: NEST PENSION PMT P260317DC1772060 BGC
A5: 46099 | B5: -93.58 | C5: Bill Payment | D5: HMRC PAYE/NIC CUMB 120PT003155002611 BBP
A6: 46098 | B6: 18.34 | C6: Counter Credit | D6: NEST PENSION PMT P260312DC1750813 BGC
A7: 46093 | B7: -827.63 | C7: Bill Payment | D7: IA + RM DENBY CLERK SALARY FEB BBP
A8: 46093 | B8: -868 | C8: Bill Payment | D8: R C FINDLAY MAINT01.02 BBP
A9: 46086 | B9: -2874 | C9: Bill Payment | D9: STOCKSIGNS LIMITED INV SW70129/8 BBP
A10: 46086 | B10: -42.67 | C10: Direct Debit | D10: NEST IT000005344668 DDR
A11: 46073 | B11: -136.54 | C11: Bill Payment | D11: HMRC PAYE/NIC CUMB 120PT003155002610 BBP
A12: 46073 | B12: -827.63 | C12: Bill Payment | D12: IA & RM DENBY CLERK SALARY BBP
A13: 46073 | B13: -48 | C13: Bill Payment | D13: WEST SUSSEX ALC LI INVOICE 2094 BBP
... A93: 45754 | B93: -16.15 | C93: Direct Debit | D93: NEST IT000005344668 DDR
B94: =SUM(B2:B93) -> -13216.95
B95: =B2 -> -827.63 | C95: deduct april 26 payment
B96: =B94-B95 -> -12389.32 | C96: total for year rec

Sheet Rec Field
A1: Date | B1: Amount | C1: Subcategory | D1: Memo | E1: Income | F1: Net | G1: VAT | H1: Gross
A2: 45748 | B2: -237.12 | C2: Direct Debit | D2: CDC CUSTOMER A/CS C000190 DDR | F2: 197.6 | G2: 39.52 | H2: =F2+G2 -> 237.12 | I2: admin - cdc bins etc
A3: 45792 | B3: -914 | C3: Bill Payment | D3: R FINDLAY MAINTENANCE BBP | F3: 914 | G3: 0 | H3: =F3+G3 -> 914 | I3: repairs and maintenance
A4: 45817 | B4: -612 | C4: Bill Payment | D4: GRAVELMASTER LTD INV.352434 P BARK BBP | F4: 510 | G4: 102 | H4: =F4+G4 -> 612 | I4: repairs and maintenance
A5: 45848 | B5: -1098 | C5: Bill Payment | D5: R FINDLAY MAINT05.06 BBP | F5: 1098 | G5: 0 | H5: =F5+G5 -> 1098 | I5: repairs and maintenance
A6: 45848 | B6: 500 | C6: Funds Transfer | D6: 203106 50010332 REC ADMIN 1/2 FT | E6: 500 | H6: =F6+G6 -> 0 | I6: income from MPC
A7: 45848 | B7: 2750 | C7: Funds Transfer | D7: 203106 50010332 MAINT 1/2 FT | E7: 2750 | H7: =F7+G7 -> 0 | I7: income from MPC
A8: 45915 | B8: -610 | C8: Bill Payment | D8: R FINDLAY REC MAINT BBP | F8: 610 | G8: 0 | H8: =F8+G8 -> 610 | I8: repairs and maintenance
A9: 45932 | B9: -1471.2 | C9: Bill Payment | D9: CREATIVE PLAY UK INV32284 BBP | F9: 1471.2 | G9: 0 | H9: =F9+G9 -> 1471.2 | I9: repairs and maintenance | J9: cant find invoice so no vat for now
A10: 45978 | B10: -787 | C10: Bill Payment | D10: R FINDLAY MAINT NOV BBP | F10: 787 | G10: 0 | H10: =F10+G10 -> 787 | I10: repairs and maintenance
A11: 46048 | B11: -140 | C11: Bill Payment | D11: R FINDLAY MPC JAN 26 BBP | F11: 140 | G11: 0 | H11: =F11+G11 -> 140 | I11: repairs and maintenance
H12: =F12+G12 -> 0
E13: =SUM(E2:E12) -> 3250 | F13: =SUM(F2:F12) -> 5727.8 | G13: =SUM(G2:G12) -> 141.52 | H13: =SUM(H2:H12) -> 5869.32
A15: 46113 | B15: -247.1 | C15: Direct Debit | D15: CDC CUSTOMER A/CS C000190 DDR | H15: =F15+G15 -> 0 | I15: next fy
E16: Bank Rec FY 25/26 as at 31/03/26
A18: Totals FY 25/26 | B18: monies in | C18: monies out | E18: Balance per cash book apr 25 | G18: 9942
B19: =SUM(B7+B6) -> 3250 | C19: =B2+B3+B4+B5+B8+B9+B10+B11 -> -5869.32
A20: Maintenance | C20: =F3+F5+F8+F9+F10+F11+F4 -> 5530.2 | E20: Items in cashbook not on bank
A21: Admin | C21: =F2 -> 197.6 | E21: none
A22: VAT | C22: =G2+G4 -> 141.52
A23: Income | B23: =E6+E7 -> 3250 | E23: Balance per bank April 25 | G23: 9954.68
B24: =SUM(B20:B23) -> 3250 | C24: =SUM(C20:C23) -> 5869.32
A25: Diff | B25: =B24-B19 -> 0 | C25: {=C24+_xlfn.ANCHORARRAY(C19)} -> 0 | E25: Diff | G25: =G23-G18 -> 12.68 | H25: immaterial
E27: cash movements in | G27: =E13 -> 3250
E29: cash movements out | G29: =-H13 -> -5869.32
E31: Balance per cashbook Mar 26 | G31: =G23+G27+G29 -> 7335.36
E33: Balance per bank Mar 26 | G33: 7335.36
E35: Diff | G35: =G31-G33 -> 0
E37: Items in cashbook not on bank
E38: CDC FY 26/27 | G38: -247.1
